 Dungeon Crawl Stone Soup version 0.30-a0-743-gbfdf073431 (webtiles) character file.

Game seed: 3061612413547740547

214 MackTheKnife the Magician (level 5, -3/35 HPs)
             Began as a Deep Elf Wanderer on Feb 6, 2023.
             Was a Follower of Vehumet.
             Slain by a water moccasin zombie (4 damage)
             ... in an ossuary.
             The game lasted 00:06:19 (3872 turns).

MackTheKnife the Magician (Deep Elf Wanderer)       Turns: 3872, Time: 00:06:20

Health: -3/35      AC:  6    Str:  7    XL:     5   Next: 60%
Magic:  10/14      EV: 11    Int: 17    God:    Vehumet [*.....]
Gold:   129        SH:  0    Dex: 18    Spells: 10/13 levels left

rFire   . . .      SeeInvis .    a - +2 hand axe (heavy) {axe}
rCold   . . .      Faith    .    (no shield)
rNeg    . . .      Spirit   .    c - +0 robe
rPois   .          Reflect  .    (no helmet)
rElec   .          Harm     .    (no cloak)
rCorr   .          Rampage  .    (no gloves)
Will    .....                    (no boots)
Stlth   ++                       (no amulet)
HPRegen 0.25/turn                m - +4 ring of protection
MPRegen 0.14/turn                (no ring)

@: brilliant
A: robust 1
a: Renounce Religion


You were in an ossuary.
You worshipped Vehumet.
Vehumet was aware of your devotion.
You visited 1 branch of the dungeon, and saw 5 of its levels.
You also visited: Ossuary.

You collected 129 gold pieces.


Innate Abilities, Weirdness & Mutations

You are robust. (+10% HP)


   Skills:
 - Level 3.2 Fighting
 - Level 1.0 Long Blades
 - Level 1.0 Throwing
 - Level 1.0 Armour
 + Level 3.1 Stealth
 - Level 4.8 Spellcasting
 - Level 4.0 Air Magic


You had 10 spell levels left.
You knew the following spells:

 Your Spells              Type           Power      Damage    Failure   Level
a - Shock                 Conj/Air       64%        1d7       6%          1
b - Static Discharge      Conj/Air       32%        2-4/arc   10%         2

Your spell library contained the following spells:

 Spells                   Type           Power      Damage    Failure   Level
 Freeze                   Ice            24%        1d4       14%         1
 Vhi's Electric Charge    Tloc/Air       32%        N/A       19%         3

Inventory:

Hand Weapons
 a - a +2 heavy hand axe (weapon) {axe}
   (You took it off an orc on level 3 of the Dungeon)
Armour
 c - a +0 robe (worn)
Jewellery
 m - a +4 ring of protection (left hand)
   (You took it off a goblin on level 2 of the Dungeon)
Scrolls
 d - 2 scrolls of blinking {unknown}
 e - a scroll of amnesia {unknown}
 h - 2 scrolls of identify {unknown}
 j - a scroll of silence {unknown}
 l - a scroll of teleportation {unknown}
 o - a scroll of vulnerability {unknown}
 p - 2 scrolls of fog {unknown}
 q - a scroll of immolation {unknown}
 s - a scroll of enchant armour {unknown}
Potions
 b - a potion of haste {@q3}
 f - a potion of mutation {!q}
 g - a potion of magic
 i - a potion of might {unknown}
 k - a potion of brilliance
 n - a potion of curing {unknown}
 r - a potion of resistance {unknown}
 t - 2 potions of invisibility {unknown}

Dungeon Overview and Level Annotations

Branches:
Dungeon (5/15) Zot: 26198 Ossuary (1/1) Zot: 5929
 Temple: D:4-7

Altars:
Vehumet

Annotations:
D:3 Grinder, Natasha, Sigmund
D:4 exclusion: ogre, Edmund, Eustachio, Menkaure

### #########
#!!!!#...#..∩#
+?[$!#.∩.'...#
#?!?!#...#...#
### #####...#
#@..# #Z###
#.. #... #...#
#...# ###+#


You could see a water moccasin zombie.


Message History

The water moccasin zombie is struck by an arc of lightning.
The orc zombie is struck by an arc of lightning.
The lightning grounds out.
The water moccasin zombie bites you but does no damage. 😮 MP[-2]
You lost 2 mp, and now have 1/14 mp.
Unknown command.
Casting: Static Discharge (safe; 10% risk of failure)
Confirm with . or Enter, or press ? or * to list all spells.
You don't have enough magic to cast this spell.
It was a potion of mutation.
You feel extremely strange.
You feel robust.
The water moccasin zombie bites you but does no damage.
There are no items here.
You now have 35 max hp (+3).
Unknown command.
Unknown command.
Okay, then.
It was a potion of brilliance.
You feel clever all of a sudden.
The water moccasin zombie bites you but does no damage. 😮 HP[+1] Unknown command.
It was a potion of magic.
Magic courses through your body.
The water moccasin zombie bites you but does no damage. 😮 MP[+13]
Your mp is fully restored (14).
Casting: Static Discharge (safe; 10% risk of failure)
Confirm with . or Enter, or press ? or * to list all spells.
You feel a surge of power!
The water moccasin zombie is struck by an arc of lightning.
The adder zombie is struck by an arc of lightning.
You destroy the adder zombie!
Vehumet accepts your kill.
You feel your power returning.
The orc zombie is struck by an arc of lightning.
The lightning grounds out.
The water moccasin zombie bites you. x2
* * * LOW HITPOINT WARNING * * *
😨 HP[-4]
You take 4 damage, and now have 17/35 hp.
Unknown command.
Casting: Static Discharge (safe; 10% risk of failure)
Confirm with . or Enter, or press ? or * to list all spells.
You feel a surge of power!
The water moccasin zombie is struck by an arc of lightning.
You are struck by an arc of lightning.
* * * LOW HITPOINT WARNING * * *
The water moccasin zombie is struck by an arc of lightning.
The orc zombie is struck by an arc of lightning.
You destroy the orc zombie!
Vehumet accepts your kill.
The lightning grounds out.
The water moccasin zombie bites you but does no damage. 😨 HP[-2] MP[-1]
You take 2 damage, and now have 15/35 hp.
You lost 1 mp, and now have 13/14 mp.
Unknown command.
Casting: Static Discharge (safe; 10% risk of failure)
Confirm with . or Enter, or press ? or * to list all spells.
Aiming: Shock (safe; 6% risk of failure)
Press: ? - help, Shift-Dir - straight line, f/p - water moccasin zombie
Aim: a water moccasin zombie (severely damaged, 71% to hit)
You feel a surge of power!
The zap misses the water moccasin zombie.
The water moccasin zombie bites you.
* * * LOW HITPOINT WARNING * * *
😨 HP[-3] MP[-1]
You take 3 damage, and now have 12/35 hp.
You lost 1 mp, and now have 12/14 mp.
Casting: Shock (safe; 6% risk of failure)
Confirm with . or Enter, or press ? or * to list all spells.
You feel a surge of power!
The water moccasin zombie is struck by an arc of lightning.
You are struck by an arc of lightning.
* * * LOW HITPOINT WARNING * * *
The lightning grounds out.
The water moccasin zombie barely misses you. 😨 HP[-3]
You take 3 damage, and now have 9/35 hp.
Unknown command.
Casting: Static Discharge (safe; 10% risk of failure)
Confirm with . or Enter, or press ? or * to list all spells.
You feel a surge of power!
The water moccasin zombie is struck by an arc of lightning.
You are struck by an arc of lightning.
* * * LOW HITPOINT WARNING * * *
The lightning grounds out.
The water moccasin zombie bites you.
* * * LOW HITPOINT WARNING * * *
😱 HP[-8] MP[-1]
You take 8 damage, and now have 1/35 hp.
MASSIVE DAMAGE!! (PAUSE)
You lost 1 mp, and now have 11/14 mp.
Okay, then.
Casting: Static Discharge (safe; 10% risk of failure)
Confirm with . or Enter, or press ? or * to list all spells.
Aiming: Shock (safe; 6% risk of failure)
Press: ? - help, Shift-Dir - straight line, f/p - water moccasin zombie
Aim: a water moccasin zombie (almost destroyed, 71% to hit)
You feel a surge of power!
The zap hits the water moccasin zombie.
The water moccasin zombie bites you.
You die...

Skill      XL: |  1  2  3  4  5 |
---------------+----------------+-----
Spellcasting   | 2 3 4 |  4.8
Air Magic      | 3 4 |  4.0
Stealth        | 3 |  3.1
Fighting       | |  3.2
Long Blades    | |  1.0
Throwing       | |  1.0
Armour         | |  1.0

Action                     |  1- 3 |  4- 6 || total
---------------------------+-------+-------++-------
  Melee: Falchion          |    23 |       ||    23
         Hand axe          |       |     4 ||     4
   Cast: Shock             |    84 |    82 ||   166
         Static Discharge  |     3 |    18 ||    21
    Use: Potion            |       |     4 ||     4
 Armour: Robe              |     7 |    15 ||    22
  Dodge: Dodged            |    18 |    20 ||    38

Levels and vault maps discovered:
D:1:      dpeg_arrival_castle, layout_rooms, st_stairs_2,
          minmay_misc_feat_pillars, chequers_mini_garden,
          hangedman_decor_riveting, nicolae_concentric_dashed_squares_mild,
          interstate_on_off
D:2:      layout_loops_ring
D:3:      minmay_chambers_of_twos, layout_rooms, elyvilon_altar_5,
          basic_ecumenical_altar, kennysheep_small_spiral, uniq_sigmund,
          uniq_natasha, uniq_robin, uniq_grinder
D:4:      layout_loops_corners, dreamdust_princess_corridor,
          chequers_serial_rivers_marsh, kennysheep_generic_room_8,
          uniq_eustachio, uniq_edmund, uniq_menkaure, uniq_crazy_yiuf_cottage
D:5:      layout_basic, nicolae_ossuary_entry_plus
Ossuary:  ossuary_tomb_2

Notes
Turn   | Place    | Note
-------+----------+-------------------------------------------
     0 | D:1      | MackTheKnife the Deep Elf Wanderer began the quest for the
                  | Orb.
     0 | D:1      | MackTheKnife set off with the following items: a +1
                  | falchion {long}, a potion of haste {@q3}, a +0 robe; and
                  | the following spell memorised: Shock; and the following
                  | spells available to memorise: Static Discharge, Vhi's
                  | Electric Charge.
     0 | D:1      | Reached XP level 1. HP: 14/14 MP: 5/5
     0 | D:1      | magus.rc [v1.9.6]
   213 | D:1      | Reached skill level 2 in Spellcasting
   329 | D:1      | Reached XP level 2. HP: 12/19 MP: 0/7
   608 | D:1      | Reached skill level 3 in Spellcasting
   822 | D:1      | Reached XP level 3. HP: 23/23 MP: 3/9
  1328 | D:2      | Learned a level 2 spell: Static Discharge
  1526 | D:2      | HP: 5/23 [iguana (8)]
  1528 | D:2      | HP: 2/23 [/static electricity (2)]
  1529 | D:2      | Reached skill level 3 in Air Magic
  1856 | D:2      | Reached XP level 4. HP: 28/28 MP: 9/11
  2191 | D:3      | Noticed Sigmund
  2215 | D:2      | magus.rc [v1.9.6]
  2257 | D:3      | Reached skill level 4 in Spellcasting
  2526 | D:3      | Found a faded altar of an unknown god.
  2536 | D:3      | Prayed at the altar of an unknown god.
  2536 | D:3      | Became a worshipper of Vehumet
  2536 | D:3      | Reached * piety under Vehumet
  2536 | D:3      | Offered knowledge of Sandblast by Vehumet.
  2848 | D:4      | Noticed a phantom
  2879 | D:4      | Noticed Eustachio
  2917 | D:3      | Noticed Natasha
  2941 | D:4      | Noticed an ogre
  3059 | D:4      | Reached XP level 5. HP: 22/32 MP: 2/14
  3165 | D:4      | Noticed Edmund
  3217 | D:4      | Reached skill level 4 in Air Magic
  3267 | D:4      | Noticed Menkaure
  3517 | D:4      | Noticed an ogre
  3547 | D:3      | Reached skill level 1 in Stealth
  3652 | D:3      | Noticed Grinder
  3719 | D:5      | Entered Level 5 of the Dungeon
  3726 | D:5      | Reached skill level 2 in Stealth
  3786 | D:5      | Found a sand-covered staircase.
  3802 | Ossuary  | Entered an ossuary
  3857 | Ossuary  | Offered knowledge of Freeze by Vehumet.
  3863 | Ossuary  | Reached skill level 3 in Stealth
  3864 | Ossuary  | Gained mutation: You are robust. (+10% HP) [potion of
                  | mutation]
  3871 | Ossuary  | HP: 6/35 [/static electricity (3)]
  3871 | Ossuary  | HP: 1/35 [water moccasin zombie (5)]
  3872 | Ossuary  | Slain by a water moccasin zombie

Vanquished Creatures
  2 hounds
  An iguana (D:2)
  3 adders
  2 adder zombies (Ossuary)
  6 orcs
  8 endoplasms
  6 giant cockroaches
  13 goblins
  5 hobgoblins
  A jackal (D:3)
  8 kobolds
  6 quokkas
  3 ball pythons
  2 bats (D:1)
  5 frilled lizards
  4 hobgoblin zombies (Ossuary)
  A kobold zombie (Ossuary)
  An orc zombie (Ossuary)
  7 rats
84 creatures vanquished.

Table legend:
 A = Non-vault XP
 B = Vault XP
 C = Vault XP percentage of total XP
 D = Non-vault monster count
 E = Vault monster count
 F = Vault count percentage of total count
                 A         B        C        D         E       F
            +---------+---------+-------+---------+---------+-------
      Total |     284 |      23 |   7.5 |      73 |      11 |  13.1
            +---------+---------+-------+---------+---------+-------
        D:1 |      42 |       6 |  12.5 |      26 |       3 |  10.3
        D:2 |      55 |       0 |   0.0 |      14 |       0 |   0.0
        D:3 |      50 |       0 |   0.0 |      19 |       0 |   0.0
        D:4 |      94 |       0 |   0.0 |      13 |       0 |   0.0
        D:5 |      43 |       0 |   0.0 |       1 |       0 |   0.0
    Ossuary |       0 |      17 | 100.0 |       0 |       8 | 100.0
            +---------+---------+-------+---------+---------+-------

Illustrated notes

Table legend:
 A = Kills in this place as a percentage of kills in entire the game.
 B = Kills by you in this place as a percentage of kills by you in the entire game.
 C = Kills by friends in this place as a percentage of kills by friends in the entire game.
 D = Other kills in this place as a percentage of other kills in the entire game.
 E = Experience gained in this place as a percentage of experience gained in the entire game.
 F = Experience gained in this place divided by the number of levels of this place that you have seen.
                   A       B       C       D       E      F
               +-------+-------+-------+-------+-------+----------------------
         Total | 100.0 | 100.0 |   N/A |   N/A | 100.0 |  51.2
       Dungeon |  90.5 |  90.5 |   N/A |   N/A |  94.5 |  58.0
       Ossuary |   9.5 |   9.5 |   N/A |   N/A |   5.5 |  17.0
               +-------+-------+-------+-------+-------+----------------------

Table legend: (Time is in decaauts)
 A = Elapsed time spent in this place.
 B = Non-inter-level travel time spent in this place.
 C = Inter-level travel time spent in this place.
 D = Time resting spent in this place.
 E = Time spent auto-exploring this place.
 F = Levels seen in this place.
 G = Mean time per level.
                   A        B        C        D        E       F      G
               +--------+--------+--------+--------+--------+-----+--------+
         Total |   3871 |   3728 |    143 |    551 |   2329 |   6 |  645.2 |
       Dungeon |   3801 |   3658 |    143 |    551 |   2286 |   5 |  760.2 |
       Ossuary |     69 |     69 |      0 |      0 |     43 |   1 |   69.0 |
               +--------+--------+--------+--------+--------+-----+--------+

Top non-repeatable levels by time:
     D:1: 1331 daAuts
     D:2: 916 daAuts
     D:4: 788 daAuts
     D:3: 682 daAuts
     D:5: 82 daAuts
 Ossuary: 69 daAuts
